Construct Infanterie Kompanie
Selects Mechanized Battlegroup
Construct Panzergrenadier Kompanie
Panzergrenadier Officer Quarters
Pak 40 Anti-tank Gun Team
Selects 8 Rad Armored Car
Pak 40 Anti-tank Gun Team
Selects Panther Heavy Tank
Nebelwerfer 42 Rocket Launcher Team
Selects Mechanized Assault
Nebelwerfer 42 Rocket Launcher Team
Selects Wespe Self-propelled Artillery